 Dungeon Crawl Stone Soup version 0.30-a0-4-ga7cffc901d (webtiles) character file.

Game seed: 10418376481689356091

7613 bladeefan the Fighter (level 11, -18/105 HPs)
             Began as a Hill Orc Monk on Aug 21, 2022.
             Was the Champion of Beogh.
             Demolished by a two-headed ogre
             ... wielding a +0 giant club
              (32 damage)
             ... on level 1 of the Orcish Mines.
             The game lasted 00:22:25 (15043 turns).

bladeefan the Fighter (Hill Orc Monk)              Turns: 15043, Time: 00:22:25

Health: -18/105    AC: 10    Str: 18    XL:     11   Next: 18%
Magic:  12/12      EV: 17    Int:  9    God:    Beogh [******]
Gold:   1314       SH: 10    Dex: 17    Spells: 10/10 levels left

rFire   . . .      SeeInvis .    a - +4 whip (elec)
rCold   . . .      Faith    .    C - +0 kite shield
rNeg    . . .      Spirit   .    z - +0 steam dragon scales
rPois   .          Reflect  .    i - +2 helmet
rElec   .          Harm     .    (no cloak)
rCorr   .          Rampage  .    (no gloves)
Will    .....                    (no boots)
Stlth   ++........               x - amulet of the acrobat
HPRegen 0.27/turn                l - ring of flight
MPRegen 0.13/turn                g - +4 ring of evasion

@: flying
A: walk on water, agile 1, sense surroundings 1
a: Renounce Religion, Smiting, Recall Orcish Followers, Give Item to Named
Follower, Resurrection


You were on level 1 of the Orcish Mines.
You worshipped Beogh.
Beogh was exalted by your worship.
You visited 2 branches of the dungeon, and saw 11 of its levels.
You also visited: Bailey.

You collected 1314 gold pieces.

Inventory:

Hand Weapons
 a - a +4 whip of electrocution (weapon)
   (You took it off a kobold on level 4 of the Dungeon)
Missiles
 p - 11 throwing nets (quivered) {!f}
Armour
 i - a +2 helmet (worn)
   (You found it on level 1 of the Dungeon)
 z - +0 steam dragon scales (worn)
   (You found it on level 6 of the Dungeon)
 C - a +0 kite shield (worn)
   (You found it on level 6 of the Dungeon)
Jewellery
 e - an amulet of regeneration
   (You took it off a centaur on level 7 of the Dungeon)
 g - a +4 ring of evasion (right hand)
   (You found it on level 6 of the Dungeon)
 l - a ring of flight (left hand)
   (You found it on level 1 of the Dungeon)
 x - an amulet of the acrobat (around neck)
   (You took it off a kobold on level 6 of the Dungeon)
Wands
 m - a wand of roots (12)
   (You found it on level 2 of the Dungeon)
 q - a wand of polymorph (9)
   (You found it on level 6 of the Dungeon)
 t - a wand of flame (19)
   (You found it on level 7 of the Dungeon)
 v - a wand of mindburst (9)
   (You took it off a kobold brigand on level 6 of the Dungeon)
 E - a wand of charming (3)
   (You took it off Joseph on level 7 of the Dungeon)
Scrolls
 d - a scroll of immolation {!r}
 u - 5 scrolls of teleportation {@r4}
 w - a scroll of butterflies
 y - 4 scrolls of fear
 A - a scroll of poison {unknown}
 B - 2 scrolls of magic mapping
 D - 2 scrolls of vulnerability {!r}
 F - 3 scrolls of amnesia {unknown}
 G - 3 scrolls of blinking
 J - a scroll of brand weapon
 L - a scroll of acquirement {unknown}
Potions
 b - 6 potions of haste {@q3}
 c - 3 potions of ambrosia
 f - 2 potions of brilliance
 h - 6 potions of lignification {!q}
 j - a potion of curing {@q1}
 k - 3 potions of magic {unknown}
 n - 3 potions of flight {unknown}
 o - 4 potions of heal wounds {@q2}
 r - 3 potions of cancellation {unknown}
 s - 3 potions of mutation {!q}
 H - a potion of might {unknown}
 I - a potion of attraction {unknown}
 M - a potion of invisibility {unknown}
Miscellaneous
 K - a phial of floods
   (You found it in a bailey)


   Skills:
 * Level 12.6 Fighting
 + Level 9.5 Maces & Flails
 + Level 8.1 Armour
 - Level 5.3 Dodging
 - Level 1.6 Stealth
 + Level 5.2 Shields
 - Level 2.6 Invocations


You had 10 spell levels left.
You didn't know any spells.
Your spell library contained the following spells:

 Spells                   Type           Power      Damage    Failure   Level
 Magic Dart               Conj           0%         1d3       75%         1
 Shock                    Conj/Air       0%         1d3       75%         1
 Summon Small Mammal      Summ           0%         N/A       75%         1
 Call Imp                 Summ           0%         N/A       86%         2
 Passwall                 Tmut/Erth      0%         N/A       86%         2
 Static Discharge         Conj/Air       0%         3-3/arc   86%         2
 Mephitic Cloud           Conj/Pois/Air  0%         N/A       98%         3
 Stone Arrow              Conj/Erth      0%         3d7       98%         3
 Swiftness                Air            0%         N/A       98%         3
 Airstrike                Air            0%         2d(0-16)  100%        4
 Dispel Undead            Necr           0%         3d6       100%        4
 Sticky Flame             Conj/Fire      0%         2d3       100%        4


Dungeon Overview and Level Annotations

Branches:
Dungeon (10/15)            Temple (0/1) D:4            Lair (0/5) D:8
    Orc (1/2) D:10         Bailey (visited)

Altars:
Cheibriados
Dithmenos
Okawaru
Ru
Uskayaw
Zin
The Shining One

Shops:
D:6 *


Innate Abilities, Weirdness & Mutations

You can walk on water.
You are agile. (Dex +4, Str/Int -1)
You passively map a small area around you.


Message History

You hit the ogre.
Your orc wizard hits the ogre with a +0 dagger.
Your orc priest looks satisfied for a moment.
An ettin comes into view. It is wielding two +0 dire flails.
An orc comes into view. It is wielding a +0 club.
Your orc wizard is smitten.
The orc warrior closely misses your orc wizard.
The orc warrior hits your orc wizard with a +0 hand axe!
The ogre hits you with a +0 giant spiked club!!
* * * LOW HITPOINT WARNING * * *
Your orc wizard mumbles some strange words.
Your orc wizard flickers and vanishes for a moment.
You barely miss the ogre.
Bladwarg roars a battlecry!
Your orc goes into a battle-frenzy!
Your orc knight hits the orc warrior from afar with a +0 halberd!!!
The orc warrior dies!
Beogh accepts your kill.
Your orc wizard points at the ogre and mumbles some strange words.
The magic dart hits the ogre.
You whack the ogre!
An orc warrior comes into view. It is wielding a +0 long sword.
The orc warrior relaxes its fighting stance and smiles at you.
It shouts, "Surely Beogh must have sent you!"
Your orc knight hits the ogre with a +0 halberd!!
The ogre dies!
Beogh accepts your kill.
Your orc priest calls down the wrath of Beogh upon the two-headed ogre.
The two-headed ogre resists with significant effort.
There are monsters nearby!
The orc stares at you in amazement and kneels.
It shouts, "Surely Beogh must have sent you!"
An orc comes into view. It is wielding a +0 mace.
Your orc wizard hits the two-headed ogre with a +0 dagger.
Your orc wizard casts a spell.
Your orc wizard flickers and vanishes for a moment.
Your orc hits something with a +0 mace.
An orc high priest comes into view. It is wielding a +0 dire flail.
Your orc throws a boomerang.
The boomerang hits the two-headed ogre.
Your orc knight hits the two-headed ogre from afar with a +0 halberd!
Bladwarg roars a battlecry!
Your orc warrior goes into a battle-frenzy!
Your orc wizard gestures wildly while chanting.
Your orc wizard flickers and vanishes for a moment.
Your orc priest looks encouraged for a moment.
There is a staircase back to the Dungeon, spattered with blood here.
You hit the two-headed ogre.
Your orc wizard hits the two-headed ogre with a +0 dagger.
The two-headed ogre hits you with a +0 giant club!!
You die...

............... *
o.............).. *
, o.)..>$......)...
, .....o....o......
* ..oC.#oo)....#...
, ...ooo.o.)oo...#.
, , ,
.......ooo))....# ,
,,,..$....O)o..#..##
, ..>...)@o....... ,
.....))o$...#.... ,
, ....#))).....#..#
, *
...#............# *
..#.......##.#.## *
#.......# ..##
##....... ,##
....#...#


You could see an ettin (ally target), an orc high priest (ally target), a
two-headed ogre (ally target), an orc, a friendly orc knight (strong), the
friendly Bladwarg the orc knight (strong), 2 friendly orc warriors, a friendly
orc priest (strong), 5 friendly orc wizards and 7 friendly orcs.

Vanquished Creatures
  Pikel (D:6)
  Joseph (D:7)
  2 hornets
  A yak (D:10)
  2 steam dragons (D:6)
  An acid dragon (D:9)
  2 orc warriors
  Pargi (D:3)
  3 black bears
  An ice beast (D:7)
  2 wolves (Bailey)
  5 ogres
  A centaur (D:7)
  A phantom (D:5)
  2 kobold brigands
  3 lemures
  A bullfrog (D:4)
  4 gnoll sergeants (Bailey)
  4 scorpions
  2 necrophages
  6 hounds
  3 jellies
  4 gnoll boudas
  2 orc priests
  6 iguanas
  5 orc wizards
  2 scorpion zombies (D:3)
  2 hound zombies (D:3)
  2 hound skeletons (D:3)
  18 gnolls
  A howler monkey skeleton (D:3)
  12 adders
  3 shadow imps
  A white imp (D:6)
  An ufetubus (D:6)
  2 dart slugs
  9 worms
  9 orcs
  6 endoplasms
  2 giant cockroaches
  14 goblins
  12 hobgoblins
  2 jackals (D:1)
  3 quokkas
  5 ball pythons
  A ball python zombie (D:3)
  5 bats
  2 frilled lizards (D:2)
  18 kobolds
  A quokka skeleton (D:3)
  A quokka zombie (D:3)
  8 rats
208 creatures vanquished.

Vanquished Creatures (collateral kills)
  An orc knight (Orc:1)
  Prince Ribbit (D:9)
  A wyvern (D:8)
  5 yaks (D:10)
  2 steam dragons
  2 wargs (Orc:1)
  An acid dragon (D:10)
  A black bear (D:8)
  An ice beast (D:7)
  7 orc warriors
  3 ogres
  A wolf (Bailey)
  6 centaurs
  3 kobold brigands
  A bullfrog (D:7)
  7 gnoll sergeants
  A scorpion (D:8)
  An electric eel (D:8)
  8 gnoll boudas
  Crazy Yiuf (D:7)
  7 orc wizards
  20 gnolls
  A shadow imp (D:8)
  A worm (D:6)
  9 orcs
  4 kobolds
96 creatures vanquished.

Vanquished Creatures (others)
  3 orc warriors
  2 orc priests
  5 orc wizards
  A howler monkey skeleton (D:3)
  21 orcs
  18 fungi
  28 plants
  6 withered plants (D:3)
84 creatures vanquished.

Grand Total: 388 creatures vanquished

Notes
Turn   | Place    | Note
-------+----------+-------------------------------------------
     0 | D:1      | bladeefan the Hill Orc Monk began the quest for the Orb.
     0 | D:1      | Reached XP level 1. HP: 19/19 MP: 1/1
   461 | D:1      | Reached XP level 2. HP: 27/27 MP: 2/2
   839 | D:1      | Reached skill level 1 in Armour
   839 | D:1      | Reached XP level 3. HP: 22/33 MP: 3/3
  1256 | D:2      | Reached skill level 4 in Fighting
  2084 | D:2      | Gained mutation: You are agile. (Dex +4, Str/Int -1)
                  | [potion of mutation]
  2084 | D:2      | Gained mutation: You passively map a small area around you.
                  | [potion of mutation]
  2361 | D:3      | Reached XP level 4. HP: 32/40 MP: 4/4
  2690 | D:3      | Reached XP level 5. HP: 45/47 MP: 5/5
  2809 | D:3      | Noticed Pargi
  2848 | D:3      | Killed Pargi
  2849 | D:3      | Reached skill level 5 in Maces & Flails
  2849 | D:3      | Reached XP level 6. HP: 15/53 MP: 6/6
  3532 | D:3      | You are sucked into a shaft and drop 1 floor!
  3669 | D:3      | Became a worshipper of Beogh the Brigand
  3669 | D:3      | Reached * piety under Beogh
  3669 | D:3      | Reached ** piety under Beogh
  3810 | D:3      | Found a faded altar of an unknown god.
  4268 | D:4      | Reached skill level 5 in Fighting
  4471 | D:4      | Reached XP level 7. HP: 10/61 MP: 7/7
  4987 | D:4      | Found a hide-covered altar of Uskayaw.
  5098 | D:4      | Found a staircase to the Ecumenical Temple.
  5167 | D:4      | Reached skill level 6 in Fighting
  5492 | D:4      | Found a glowing silver altar of Zin.
  5624 | D:5      | Entered Level 5 of the Dungeon
  6123 | D:5      | Reached XP level 8. HP: 65/71 MP: 8/8
  6330 | D:5      | Reached skill level 7 in Fighting
  6461 | D:5      | Reached *** piety under Beogh
  7352 | D:6      | Reached skill level 8 in Fighting
  7704 | D:6      | Reached skill level 5 in Armour
  7965 | D:6      | Reached XP level 9. HP: 69/82 MP: 9/9
  8317 | D:6      | Reached skill level 5 in Dodging
  8337 | D:6      | Reached skill level 9 in Fighting
  8623 | D:6      | Found Geuduj's General Store.
  9107 | D:7      | Noticed Joseph
  9126 | D:7      | Killed Joseph
  9127 | D:7      | Reached skill level 1 in Invocations
  9151 | D:7      | Noticed Pikel
  9377 | D:6      | Killed Pikel
  9378 | D:6      | Reached skill level 10 in Fighting
  9378 | D:6      | Reached skill level 1 in Shields
  9395 | D:7      | Reached **** piety under Beogh
  9887 | D:7      | Found a runed translucent door.
  9888 | D:7      | Noticed Crazy Yiuf
  9978 | D:7      | Reached XP level 10. HP: 93/93 MP: 11/11
 10533 | D:7      | Found a sacrificial altar of Ru.
 10920 | D:7      | Killed Crazy Yiuf
 11142 | D:8      | Got Sif Muna's Atlas of the Boulder and Calling
 11161 | D:8      | Found a shadowy altar of Dithmenos.
 11203 | D:8      | Identified the +11 dagger "Doileiqu" {drain, Will+ Str+5}
 11233 | D:8      | Reached skill level 11 in Fighting
 11710 | D:8      | Found a staircase to the Lair.
 11818 | D:9      | Reached ***** piety under Beogh
 11947 | D:9      | Noticed Prince Ribbit
 11955 | D:9      | Killed Prince Ribbit
 12805 | D:10     | Entered Level 10 of the Dungeon
 12916 | D:10     | Found a flagged portal.
 12932 | Bailey   | Entered a bailey
 12944 | Bailey   | Gained Bogdan as an ally
 13513 | Bailey   | Your ally Bogdan died
 13634 | Bailey   | Reached skill level 12 in Fighting
 13665 | Bailey   | Gained Bladwarg as an ally
 14100 | D:10     | Found a staircase to the Orcish Mines.
 14198 | D:10     | Reached XP level 11. HP: 96/104 MP: 12/12
 14207 | D:10     | Reached skill level 5 in Shields
 14555 | D:10     | Found an iron altar of Okawaru.
 14560 | D:10     | Found a glowing golden altar of the Shining One.
 14565 | D:10     | Found a snail-covered altar of Cheibriados.
 15030 | Orc:1    | Entered Level 1 of the Orcish Mines
 15030 | Orc:1    | Noticed an orc knight
 15036 | Orc:1    | Noticed a two-headed ogre
 15036 | Orc:1    | HP: 5/105 [orc warrior/+0 hand axe[an orc knight] (13)]
 15037 | Orc:1    | Killed an orc knight
 15038 | Orc:1    | Reached ****** piety under Beogh
 15039 | Orc:1    | Noticed an ettin
 15042 | Orc:1    | Noticed an orc high priest
 15043 | Orc:1    | Demolished by a two-headed ogre

Illustrated notes

Levels and vault maps discovered:
D:1:      saegor_arrival_under_anarchy, layout_loops_corners,
          serial_bayou_crossing
D:2:      layout_basic
D:3:      layout_basic, shapermc_ecumenical_altar_mp_ritualfount, serial_undead,
          serial_undead_d, serial_undead_c, serial_undead_f, serial_undead_e,
          serial_undead_a, serial_undead_c, serial_undead_c, serial_undead_a,
          serial_undead_e, serial_undead_f, minmay_misc_feat_more_columns,
          nrook_mini_backslash, uniq_pargi
D:4:      layout_loops_ring, lemuel_coloured_pillars_altar, lemuel_doored_altar,
          minmay_temple_entry_stoned_glass
D:5:      layout_basic, nicolae_wormholes
D:6:      layout_rooms, serial_shops, nicolae_take_the_stairs, minivault_10
D:7:      kennysheep_seaside_town, layout_cave_pods, old_standard_altar,
          uniq_joseph, uniq_pikel, uniq_crazy_yiuf_cottage
D:8:      cheibrodos_helix_gallery, layout_rooms, mainiacjoe_overflow_alcove_4,
          grunt_lair_entry_orc_guard_hut
D:9:      layout_layer_cave, nicolae_eternal_life, uniq_prince_ribbit1
D:10:     layout_irregular_city, minmay_overflow_temple_star_quad, orc_0_dummy,
          enter_bailey_5
Orc:1:    layout_caves, serial_shops, shop, roderic_batcave

Skill      XL: |  1  2  3  4  5  6  7  8  9 10 11 |
---------------+----------------------------------+-----
Armour         | 1 2 3 4 5 6 7 8 |  8.1
Fighting       | 4 5 6 8 10 12 | 12.6
Maces & Flails | 4 5 6 7 8 9 |  9.5
Dodging        | 3 4 5 |  5.3
Invocations    | 2 |  2.6
Shields        | 2 4 5 |  5.2
Stealth        | |  1.6

Action                   |  1- 3 |  4- 6 |  7- 9 | 10-12 || total
-------------------------+-------+-------+-------+-------++-------
Melee: Mace              |   153 |   151 |       |       ||   304
       Punch             |     2 |     4 |     8 |       ||    14
       Flail             |       |    29 |    23 |       ||    52
       Whip              |       |       |   359 |   253 ||   612
Invok: Convert to Beogh  |       |     1 |       |       ||     1
  Use: Scroll            |     6 |     3 |     2 |     6 ||    17
       Potion            |     2 |       |     3 |     1 ||     6
 Stab: Sleeping          |     4 |     1 |     3 |     1 ||     9
       Distracted        |       |       |     1 |       ||     1
Armor: Leather armour    |    40 |       |       |       ||    40
       Ring mail         |    13 |    98 |    95 |       ||   206
       Steam dragon scal |       |       |     5 |    42 ||    47
Dodge: Dodged            |    99 |   122 |   244 |   235 ||   700
Block: Kite shield       |       |       |     9 |   167 ||   176

Table legend: (Time is in decaauts)
 A = Elapsed time spent in this place.
 B = Non-inter-level travel time spent in this place.
 C = Inter-level travel time spent in this place.
 D = Time resting spent in this place.
 E = Time spent auto-exploring this place.
 F = Levels seen in this place.
 G = Mean time per level.
                   A        B        C        D        E       F      G
               +--------+--------+--------+--------+--------+-----+--------+
         Total |  14982 |  14681 |    301 |   3969 |   8283 |  12 | 1248.5 |
       Dungeon |  13844 |  13543 |    301 |   3476 |   7852 |  10 | 1384.4 |
  Orcish Mines |     11 |     11 |      0 |      0 |      0 |   1 |   11.0 |
        Bailey |   1126 |   1126 |      0 |    493 |    431 |   1 | 1126.0 |
               +--------+--------+--------+--------+--------+-----+--------+

Top non-repeatable levels by time:
     D:7: 2145 daAuts
     D:3: 1735 daAuts
     D:4: 1687 daAuts
     D:6: 1681 daAuts
     D:5: 1569 daAuts
     D:2: 1272 daAuts
     D:1: 1269 daAuts
  Bailey: 1126 daAuts
     D:9: 1106 daAuts
    D:10: 972 daAuts
     D:8: 404 daAuts
   Orc:1: 11 daAuts
